[Event "XLIV Barbera del Valles-A 2022"]
[Site "Barbera del Valles"]
[Date "2022.07.09"]
[Round "6.1"]
[White "Rios, Cristhian Camilo"]
[Black "Alsina Leal, Daniel"]
[Result "1-0"]
[ECO "D43"]
[WhiteElo "2399"]
[BlackElo "2525"]
[Annotator "TA"]
[PlyCount "111"]
[EventDate "2022.07.04"]
[EventType "swiss"]
[EventCountry "ESP"]
[SourceTitle "playchess.com"]
[Source "ChessBase"]
[SourceQuality "1"]
[TimeControl "5400+30"]

1. d4 d5 2. c4 c6 3. Nf3 Nf6 4. Nc3 e6 5. Bg5 h6 6. Bxf6 Qxf6 7. e3 Nd7 8. Bd3 dxc4 9. Bxc4 g6 10. O-O Bg7 11. e4 e5 12. d5 Nb6 13. Bb3 Bg4 {[%emt 0:00:59] D43: Semi-Slav: 5 Bg5 h6.} 14. h3 Bxf3 15. Qxf3 Qxf3 {[%emt 0:00:42] The position is equal.} 16. gxf3 Ke7 17. Rac1 Rhd8 18. dxc6 bxc6 {[%emt 0:00:09] [#]} 19. Na4 $146 ({Predecessor:} 19. Rfd1 Bf6 20. Rxd8 Rxd8 21. Na4 Rd6 22. Nc5 Rd2 23. Na6 Bh4 24. Rxc6 Bxf2+ 25. Kf1 {½-½ (38) L'Ami,A (2316)-Aginian,N (2307) Novi Sad 2009}) 19... Rd6 20. Nc5 a5 21. Na4 Rb8 22. Nxb6 Rxb6 23. Rc5 a4 24. Bxa4 Rxb2 25. Bb3 h5 26. Ra5 Rd7 27. Rc1 Bf6 28. Rxc6 Bh4 29. Rxe5+ Kf8 $1 30. Rd5 Ra7 31. e5 Bxf2+ 32. Kh1 (32. Kf1 {is interesting.} Bh4 33. Rd4 Bg3 34. e6) 32... Re7 33. Rc8+ Kg7 $1 34. Rcd8 Bg3 35. R8d7 Rxd7 36. Rxd7 Bxe5 $11 {[%emt 0:00:00][%mdl 4096] Endgame KRB-KRB} 37. f4 Bb8 38. Rb7 Bd6 39. Rxf7+ Kh6 40. Rf6 Rd2 41. a4 {[%emt 0:00:00][%cal Ba2a4,Ba4a5,Ba5a6][%mdl 32] White wants to play a5.} Be7 (41... Kg7 $11 42. Rf7+ Kh6) 42. Re6 $16 Bb4 43. f5 $1 Rd6 $2 {[%emt 0:00:27][%mdl 8192] [#] This move loses the game for Black.} (43... Kg5 $16 {keeps fighting.}) 44. a5 $1 $18 Rd3 45. Rxg6+ Kh7 46. Bg8+ Kh8 47. a6 {[%emt 0:00:31] Bc4 is the strong threat.} Rxh3+ 48. Kg2 Ra3 49. Bc4 Kh7 50. Rg3 {[%emt 0:02:08] [#] Threatening mate with Rxa3.} Rxg3+ (50... Ra4 $18 51. f6 Kh6) 51. Kxg3 {[%emt 0:00:06] KB-KB. White mates.} Bc5 52. f6 Kg6 53. f7 Kg7 54. Kh4 Kf8 55. Kxh5 Ke7 56. Kg6 {[%emt 0:00:06] Weighted Error Value: White=0.03 (flawless) /Black=0.34} 1-0

[Event "XLIV Barbera del Valles-A 2022"]
[Site "Barbera del Valles"]
[Date "2022.07.09"]
[Round "6.2"]
[White "Gkoumas, Georgios"]
[Black "Sanchez, Sebastian Felipe"]
[Result "1-0"]
[ECO "B47"]
[WhiteElo "2427"]
[BlackElo "2440"]
[Annotator "RC"]
[PlyCount "131"]
[EventDate "2022.07.04"]
[EventType "swiss"]
[EventCountry "ESP"]
[SourceTitle "playchess.com"]
[Source "ChessBase"]
[SourceQuality "1"]
[TimeControl "5400+30"]

1. e4 c5 2. Nf3 e6 3. d4 cxd4 4. Nxd4 Nc6 5. Nc3 Qc7 6. Be2 a6 7. Nxc6 bxc6 8. Qd3 Nf6 9. Qg3 d6 10. O-O Rb8 11. b3 h5 12. Bg5 Qa5 13. Rad1 h4 14. Qe3 Be7 15. Qd2 e5 16. Qe3 Be6 17. Rd2 Qb6 18. Qd3 a5 19. Na4 Qb4 20. Bxf6 gxf6 21. c4 Rg8 22. Rfd1 Rd8 23. Bf3 Bf8 24. Qe3 Bxc4 25. bxc4 Qxa4 26. c5 Qb4 27. cxd6 Rxd6 28. Rxd6 Bxd6 29. Qa7 Kf8 30. Qd7 Be7 31. Qc8+ Kg7 32. Qg4+ Kf8 33. Qc8+ Kg7 34. Qg4+ Kf8 35. Qxh4 Ke8 36. Qh7 Rf8 37. Qf5 Qb7 38. h4 Rh8 39. g3 Kf8 40. Kg2 Rh6 41. Rd7 Qb2 42. Bh5 Qxa2 43. Ra7 Qe6 44. Ra8+ Kg7 45. Qf3 Bc5 46. Bg4 Qa2 47. Bf5 Qd2 48. Rc8 a4 49. Rxc6 Bd4 50. Ra6 Qa2 51. Ra8 Bc5 52. Ra5 Bb6 53. Ra6 Bc5 54. Rc6 Bd4 55. Rc7 a3 56. Qg4+ Kf8 57. Rc8+ Ke7 58. Qf3 Qb2 59. Qd3 a2 60. Qc4 Bb6 61. Rb8 Qxf2+ 62. Kh3 Qc5 63. Rb7+ Kd6 64. Rd7+ Kc6 65. Qa4+ Qb5 66. Qa8+ 1-0

[Event "XLIV Barbera del Valles-A 2022"]
[Site "Barbera del Valles"]
[Date "2022.07.09"]
[Round "6.3"]
[White "Asis Gargatagli, Hipolito"]
[Black "Pimpalkhare Vedant"]
[Result "0-1"]
[ECO "C13"]
[WhiteElo "2514"]
[BlackElo "2057"]
[Annotator "TA"]
[PlyCount "70"]
[EventDate "2022.07.04"]
[EventType "swiss"]
[EventCountry "ESP"]
[SourceTitle "playchess.com"]
[Source "ChessBase"]
[SourceQuality "1"]
[TimeControl "5400+30"]

1. e4 e6 2. d4 d5 3. Nc3 Nf6 4. Bg5 dxe4 5. Nxe4 Be7 6. Bxf6 gxf6 7. Nf3 f5 8. Nc3 a6 {[%emt 0:00:07] C13: French: Classical System: 4 Bg5 Be7, Alekhine-Chatard Attack.} 9. g3 b5 10. Bg2 {[%emt 0:00:10] Black must now prevent Ne5.} Bb7 {[%emt 0:00:06] White has an edge.} 11. O-O Qd6 {[%emt 0:06:09] Prevents d5.} 12. Qe2 b4 13. Na4 Nd7 {[%emt 0:01:06] Against Nc5} 14. c4 {[%emt 0:01:49][%cal Od4d5] [#]} bxc3 $146 ({Predecessor:} 14... Be4 15. Rad1 O-O 16. d5 e5 17. c5 Bxf3 18. Bxf3 Nxc5 19. Nxc5 Qxc5 20. Qxe5 Qd6 21. Qxf5 {1-0 (34) Oparin,G (2607)-Esipenko,A (2571) Moscow 2018}) 15. Nxc3 Nf6 {[%emt 0:09:55] Inhibits d5.} 16. Rac1 (16. Rfd1 $16) 16... O-O (16... c5 $1 $11) 17. Rfd1 $16 Rac8 18. Na4 Bd5 19. Nc5 a5 20. b3 Rfd8 21. Ne5 Bxg2 22. Kxg2 Qd5+ 23. Kg1 Bf8 24. Rc4 Qa8 25. h3 Rd5 26. Ncd3 {[%emt 0:01:18] Pair of Knights!} ({Better is} 26. Qe3 $16) 26... Bh6 (26... c5 $11) 27. Nc6 {[%emt 0:00:18] And now Ne7+ would win.} Bf8 {[%emt 0:00:00] Against Ne7+} (27... Re8 $16 {was called for.} 28. Nce5 Re7) 28. Nde5 $18 Re8 29. g4 Nd7 30. gxf5 exf5 {[%emt 0:00:00] [#]} (30... Nxe5 {might work better.} 31. Nxe5 Bg7) 31. Qh5 Nxe5 32. Nxe5 Bg7 33. Rxc7 ({Not} 33. Qxf7+ Kh8 34. Nc6 (34. Rxc7 Rg8 $18) 34... Rd6 $18) 33... Rf8 34. Nd7 {[%emt 0:01:05] [#]} ({Much less strong is} 34. Nxf7 Qe8 $18) (34. Rxf7 $18 {is more deadly. Threatens to win with Rc1.} Rxf7 35. Qxf7+ Kh8 36. Re1) 34... Qd8 35. Rdc1 Rxd7 {[%emt 0:00:06] Weighted Error Value: White=0.45/Black=0.24 (precise)} 0-1

[Event "XLIV Barbera del Valles-A 2022"]
[Site "Barbera del Valles"]
[Date "2022.07.09"]
[Round "6.4"]
[White "Moskalenko, Viktor"]
[Black "Narciso Dublan, Marc"]
[Result "1/2-1/2"]
[ECO "A80"]
[WhiteElo "2457"]
[BlackElo "2461"]
[Annotator "RC"]
[PlyCount "29"]
[EventDate "2022.07.04"]
[EventType "swiss"]
[EventCountry "ESP"]
[SourceTitle "playchess.com"]
[Source "ChessBase"]
[SourceQuality "1"]
[TimeControl "5400+30"]

1. d4 f5 2. Bg5 g6 3. e3 Bg7 4. Nc3 c6 5. Qd2 d5 6. f3 Nf6 7. Nge2 Be6 8. h3 Nbd7 9. g4 fxg4 10. hxg4 Bf7 11. Bh6 Bxh6 12. Rxh6 e5 13. O-O-O Qe7 14. Rh1 O-O-O 15. Ng3 1/2-1/2

[Event "XLIV Barbera del Valles-A 2022"]
[Site "Barbera del Valles"]
[Date "2022.07.09"]
[Round "6.5"]
[White "Valenzuela Gomez, Fernando"]
[Black "Shah, Vishwa"]
[Result "1-0"]
[ECO "B07"]
[WhiteElo "2373"]
[BlackElo "1931"]
[Annotator "RC"]
[PlyCount "51"]
[EventDate "2022.07.04"]
[EventType "swiss"]
[EventCountry "ESP"]
[SourceTitle "playchess.com"]
[Source "ChessBase"]
[SourceQuality "1"]
[TimeControl "5400+30"]

1. d4 Nf6 2. Nc3 d6 3. e4 Nbd7 4. f4 e5 5. Nf3 c6 6. dxe5 dxe5 7. Bc4 Bb4 8. O-O Qc7 9. Kh1 O-O 10. Qe2 Bd6 11. f5 b5 12. Bd3 a6 13. g4 c5 14. g5 Ne8 15. Nd5 Qd8 16. c4 Nb6 17. b3 Rb8 18. Be3 Nc7 19. Nd2 Nbxd5 20. cxd5 Na8 21. Rac1 Nb6 22. Qh5 Nd7 23. f6 Re8 24. fxg7 Qe7 25. Nf3 f5 26. Nh4 1-0

[Event "XLIV Barbera del Valles-A 2022"]
[Site "Barbera del Valles"]
[Date "2022.07.09"]
[Round "6.6"]
[White "Ortiz Verdezoto, Anahi"]
[Black "Dahale, Atul"]
[Result "0-1"]
[ECO "E90"]
[WhiteElo "2046"]
[BlackElo "2162"]
[Annotator "RC"]
[PlyCount "97"]
[EventDate "2022.07.04"]
[EventType "swiss"]
[EventCountry "ESP"]
[SourceTitle "playchess.com"]
[Source "ChessBase"]
[SourceQuality "1"]
[TimeControl "5400+30"]

1. d4 Nf6 2. c4 g6 3. Nc3 Bg7 4. e4 d6 5. h3 O-O 6. Bg5 Na6 7. Nf3 Qe8 8. Be2 e5 9. d5 Nh5 10. g3 h6 11. Bd2 f5 12. exf5 gxf5 13. Nh4 Nf6 14. Qc1 Kh7 15. g4 e4 16. gxf5 Nc5 17. Kf1 Qd8 18. Rg1 Ng8 19. Rg4 Bf6 20. Ng6 Rf7 21. Nf4 Bxf5 22. Ne6 Qe7 23. Be3 Nxe6 24. dxe6 Qxe6 25. Qc2 Re8 26. Nxe4 Kh8 27. Bf3 Bxg4 28. hxg4 Bg7 29. Kg2 Qg6 30. Rc1 Be5 31. Ng5 Rf6 32. Be4 Qg7 33. Rh1 Bf4 34. Rh5 Bxe3 35. fxe3 Re5 36. Bf5 Ne7 37. e4 Nxf5 38. exf5 Kg8 39. Ne4 Qxg4+ 40. Ng3 Re3 41. Qf2 Rd3 42. Qe1 Kf8 43. Rh1 Rxf5 44. Rxh6 Qf3+ 45. Kh3 Rh5+ 46. Rxh5 Qxh5+ 47. Kg2 Qf3+ 48. Kh3 Rd1 49. b3 0-1

[Event "XLIV Barbera del Valles-A 2022"]
[Site "Barbera del Valles"]
[Date "2022.07.09"]
[Round "6.7"]
[White "Fernandez Aguilar, Francisco"]
[Black "Cuartas, Jaime Alexander"]
[Result "0-1"]
[ECO "A37"]
[WhiteElo "2144"]
[BlackElo "2513"]
[Annotator "TA"]
[PlyCount "62"]
[EventDate "2022.07.04"]
[EventType "swiss"]
[EventCountry "ESP"]
[SourceTitle "playchess.com"]
[Source "ChessBase"]
[SourceQuality "1"]
[TimeControl "5400+30"]

1. Nf3 c5 2. c4 Nc6 3. Nc3 g6 4. g3 Bg7 5. Bg2 d6 6. O-O e6 7. e3 {[%emt 0:01:45] 7.e3 is better than 7.d3.} Nge7 8. d4 O-O 9. dxc5 {[%emt 0:00:48] A37: Symmetrical English vs ...g6: 4 Bg2 Bg7 5 Nf3.} dxc5 10. Qc2 a6 11. a3 {[%emt 0:01:09] White is slightly better.} Qc7 {[%emt 0:03:08] [#]} 12. b3 $146 ({Predecessor:} 12. Rb1 b6 13. b4 cxb4 14. axb4 Bb7 15. c5 bxc5 16. bxc5 Na5 17. Na4 Rab8 18. Ba3 {1-0 (33) Oliva Castaneda,K (2446)-Sanchez Enriquez,O (2374) Figueres 2014}) 12... e5 13. Bb2 (13. Nd2 $5 ) 13... Bf5 14. Ne4 Rfd8 15. Rfd1 Bxe4 16. Qxe4 h6 (16... f5 {is more complex.} 17. Qc2 e4 18. Ng5 Bxb2 19. Qxb2 Rxd1+ 20. Rxd1 Rd8) 17. g4 Rd6 18. b4 f5 19. gxf5 gxf5 20. Qc2 cxb4 21. Nh4 e4 22. Bxg7 Kxg7 23. axb4 (23. Qb2+ Kh7 24. axb4 Rg8 $17) 23... Rad8 24. Bh3 Ne5 25. Rxd6 (25. Nxf5+ $2 Nxf5 26. Bxf5 Nf3+ 27. Kf1 Rxd1+ 28. Rxd1 Rxd1+ 29. Qxd1 Qxc4+ 30. Kg2 Nh4+ 31. Kg1 Nxf5 $19) (25. c5 $1 $11 Rxd1+ 26. Rxd1) 25... Qxd6 $17 26. Bxf5 (26. Nxf5+ $2 Nxf5 27. Qxe4 (27. Bxf5 $2 Nf3+ 28. Kf1 Qe5 $19) 27... Nh4 $1 $19 ) 26... Nf3+ (26... Qf6 $1 $17 27. Qxe4 Nf3+ $1 28. Qxf3 (28. Nxf3 Qxa1+ 29. Kg2 Nxf5 $15) 28... Qxa1+ 29. Kg2 Qf6) 27. Nxf3 $11 Nxf5 {[%emt 0:00:07] Dancing on a razor blade.} 28. Qc3+ $2 {[%emt 0:06:23][%mdl 8192] [#]} ({Reject} 28. Qxe4 Qg6+ 29. Ng5 Qxg5+ 30. Kh1 Qf6 31. Rg1+ (31. Qxb7+ Kh8 $17) 31... Kh8 $17) (28. Rf1 $11) 28... Kh7 $1 $19 29. Ne5 Re8 30. f4 (30. c5 {is the only way for White.} Qf6 31. Rd1 (31. c6 $2 Rxe5 32. Kf1 bxc6 $19) 31... Qg7+ 32. Kf1 Rxe5 33. Rd8) 30... exf3 $1 31. Nxf3 Rxe3 {[%emt 0:00:35] Weighted Error Value: White=0.45/Black=0.08 (flawless)} 0-1

[Event "XLIV Barbera del Valles-A 2022"]
[Site "Barbera del Valles"]
[Date "2022.07.09"]
[Round "6.8"]
[White "Munoz, Miguel"]
[Black "Barros, Raul Junior"]
[Result "1/2-1/2"]
[ECO "B22"]
[WhiteElo "2408"]
[BlackElo "2174"]
[Annotator "RC"]
[PlyCount "82"]
[EventDate "2022.07.04"]
[EventType "swiss"]
[EventCountry "ESP"]
[SourceTitle "playchess.com"]
[Source "ChessBase"]
[SourceQuality "1"]
[TimeControl "5400+30"]

1. e4 c5 2. c3 d5 3. exd5 Qxd5 4. d4 Nf6 5. Nf3 e6 6. Na3 a6 7. Nc4 Nbd7 8. Bf4 cxd4 9. Qxd4 Qxd4 10. Nxd4 Bc5 11. Nb3 Nd5 12. Bg3 Be7 13. Nd6+ Bxd6 14. Bxd6 b6 15. a4 Bb7 16. c4 N5f6 17. a5 Ne4 18. Bc7 Nec5 19. Nd4 bxa5 20. Rxa5 O-O 21. b4 Rfc8 22. Bg3 Ne4 23. f3 Nxg3 24. hxg3 Nb6 25. c5 Nd5 26. Nc2 Bc6 27. Bd3 Rcb8 28. Bxh7+ Kf8 29. Be4 Nxb4 30. Nxb4 Bxe4 31. Rh8+ Ke7 32. Rxb8 Rxb8 33. Nxa6 Rb1+ 34. Kd2 Bc6 35. Kc3 Rc1+ 36. Kd3 Rd1+ 37. Kc3 Rc1+ 38. Kd2 Rb1 39. Ra2 Bd5 40. Rc2 Bb7 41. Ra2 Bd5 1/2-1/2

[Event "XLIV Barbera del Valles-A 2022"]
[Site "Barbera del Valles"]
[Date "2022.07.09"]
[Round "6.9"]
[White "Alvarez Albiol, Victor"]
[Black "Del Amo Carbo, Jordi"]
[Result "0-1"]
[ECO "C45"]
[WhiteElo "2367"]
[BlackElo "2148"]
[Annotator "RC"]
[PlyCount "114"]
[EventDate "2022.07.04"]
[EventType "swiss"]
[EventCountry "ESP"]
[SourceTitle "playchess.com"]
[Source "ChessBase"]
[SourceQuality "1"]
[TimeControl "5400+30"]

1. e4 e5 2. Nf3 Nc6 3. d4 exd4 4. Nxd4 Bc5 5. Nb3 Bb6 6. Nc3 d6 7. Qe2 Nf6 8. a4 a6 9. Be3 Bxe3 10. Qxe3 O-O 11. O-O-O Qe7 12. Kb1 Re8 13. f3 Be6 14. Nd4 Nxd4 15. Qxd4 Rad8 16. g4 c6 17. Rg1 Bc8 18. Qf2 Qe5 19. Bd3 Qa5 20. Bc4 b5 21. Bb3 Be6 22. g5 Nh5 23. Bxe6 Rxe6 24. Ne2 Ree8 25. Nd4 Qb6 26. a5 Qc7 27. Nf5 Nf4 28. Qd4 Ne6 29. Qc3 d5 30. exd5 Rxd5 31. Rxd5 cxd5 32. Qxc7 Nxc7 33. Nd4 Kf8 34. Kc1 Ne6 35. Nb3 Ke7 36. Kd2 Kd6 37. Re1 Rc8 38. Rg1 Rc4 39. Rg2 Rh4 40. Ke3 g6 41. Nc1 Ra4 42. Nb3 Rb4 43. Kd2 Ke5 44. c3 Ra4 45. Rg4 Rxg4 46. fxg4 Kf4 47. Nc1 Kxg5 48. Nd3 Kxg4 49. Ke3 f5 50. Nb4 f4+ 51. Kd3 Nc7 52. Kd4 f3 53. Nd3 Kh3 54. Kc5 Kxh2 55. Kb6 g5 56. Kxc7 g4 57. Kb6 g3 0-1

[Event "XLIV Barbera del Valles-A 2022"]
[Site "Barbera del Valles"]
[Date "2022.07.09"]
[Round "6.10"]
[White "Vehi Bach, Victor Manuel"]
[Black "Perez Bolanos, David"]
[Result "1/2-1/2"]
[ECO "C48"]
[WhiteElo "2290"]
[BlackElo "2041"]
[Annotator "RC"]
[PlyCount "50"]
[EventDate "2022.07.04"]
[EventType "swiss"]
[EventCountry "ESP"]
[SourceTitle "playchess.com"]
[Source "ChessBase"]
[SourceQuality "1"]
[TimeControl "5400+30"]

1. e4 e5 2. Nf3 Nc6 3. Nc3 Nf6 4. Bb5 Nd4 5. O-O c6 6. Bd3 Nxf3+ 7. Qxf3 Bd6 8. Be2 O-O 9. d3 h6 10. Qg3 Kh7 11. Kh1 Bc7 12. f4 d6 13. Be3 d5 14. fxe5 d4 15. Bf4 Nd7 16. e6 Bxf4 17. Rxf4 dxc3 18. exd7 cxb2 19. Rb1 Qxd7 20. Rxb2 Qd4 21. Rb1 b6 22. Qf2 Qxf2 23. Rxf2 Be6 24. a3 Rfd8 25. c3 c5 1/2-1/2

[Event "XLIV Barbera del Valles-A 2022"]
[Site "Barbera del Valles"]
[Date "2022.07.10"]
[Round "7.2"]
[White "Dahale, Atul"]
[Black "Valenzuela Gomez, Fernando"]
[Result "1/2-1/2"]
[ECO "D36"]
[WhiteElo "2162"]
[BlackElo "2373"]
[Annotator "RC"]
[PlyCount "124"]
[EventDate "2022.07.04"]
[EventType "swiss"]
[EventCountry "ESP"]
[SourceTitle "playchess.com"]
[Source "ChessBase"]
[SourceQuality "1"]
[TimeControl "5400+30"]

1. d4 d5 2. c4 e6 3. Nc3 Nf6 4. cxd5 exd5 5. Bg5 c6 6. Qc2 Be6 7. e3 h6 8. Bh4 Nbd7 9. Bd3 g5 10. Bg3 Nh5 11. Nge2 Nxg3 12. Nxg3 h5 13. f4 gxf4 14. exf4 Nf6 15. f5 Bd7 16. O-O-O Qc7 17. Rde1+ Kd8 18. Kb1 Bd6 19. Nf1 Qb6 20. Ne2 Kc7 21. Nd2 Rhg8 22. Nc3 a6 23. Nb3 Rae8 24. a3 Kb8 25. Na4 Qc7 26. Nac5 Bc8 27. g3 Ka7 28. Nd2 Ng4 29. Ndb3 Re7 30. Rxe7 Qxe7 31. Rc1 Re8 32. Na5 Qc7 33. Qd2 Bxc5 34. Rxc5 Bd7 35. Rc1 Qb6 36. Rc5 Ne3 37. f6 Qc7 38. Rc1 Ng4 39. Nb3 Bc8 40. Rf1 Qd6 41. Rf3 Re6 42. Rf5 Nxf6 43. Nc5 Re7 44. Rf3 Ne4 45. Qb4 b6 46. Nb3 Qxb4 47. axb4 f5 48. Kc2 Kb8 49. Nc1 Rh7 50. Rf4 Kc7 51. Be2 Kd6 52. Nd3 Nf6 53. Rh4 Bd7 54. Nf4 Ng4 55. h3 Nf2 56. Bxh5 Ne4 57. Bg6 Rg7 58. Rh6 Kc7 59. Nh5 Re7 60. Rh7 Rxh7 61. Bxh7 Ng5 62. Nf6 Bc8 1/2-1/2

[Event "XLIV Barbera del Valles-A 2022"]
[Site "Barbera del Valles"]
[Date "2022.07.10"]
[Round "7.3"]
[White "Pimpalkhare Vedant"]
[Black "Cuartas, Jaime Alexander"]
[Result "0-1"]
[ECO "A35"]
[WhiteElo "2057"]
[BlackElo "2513"]
[Annotator "TA"]
[PlyCount "128"]
[EventDate "2022.07.04"]
[EventType "swiss"]
[EventCountry "ESP"]
[SourceTitle "playchess.com"]
[Source "ChessBase"]
[SourceQuality "1"]
[TimeControl "5400+30"]

1. Nf3 c5 2. e3 Nc6 3. c4 Nf6 4. Nc3 g6 5. Be2 Bg7 6. O-O O-O 7. d4 cxd4 8. Nxd4 d6 {[%emt 0:05:20] 8...d5 injects fresh life into this line.} 9. b3 d5 {[%emt 0:05:59] A35: Symmetrical English: 2 Nc3 Nc6 3 Nf3.} 10. Nxc6 bxc6 11. Bb2 Ne4 {[%emt 0:03:16] The position is equal.} 12. Qc1 Nxc3 13. Bxc3 {[%emt 0:00:06] [#]} e6 $146 ({Predecessor:} 13... Bxc3 14. Qxc3 Be6 15. Rfd1 Qb6 16. Rac1 Rac8 17. h3 Rfd8 18. Qe5 Qa5 19. Rc2 Qa3 {1-0 (30) Gukesh,D (2614)-Demidov,M (2556) Warsaw 2021}) 14. Rd1 Bb7 15. Qb2 Bxc3 16. Qxc3 Qe7 17. Bf3 Rfd8 18. Rd2 a5 19. h3 f5 (19... Qb4 $11 20. Rc1 Qxc3 21. Rxc3 Kg7) 20. Qe5 (20. Rc1 $14) 20... Qg7 $11 21. Qxg7+ ({Avoid the trap} 21. Qxe6+ $2 Kf8 22. cxd5 cxd5 $19) 21... Kxg7 22. Rc1 Rac8 23. Rdc2 d4 24. exd4 Rxd4 25. Re1 Kf6 26. Rce2 {[%emt 0:00:07] Inhibits e5.} Re8 27. Re5 a4 $1 28. Ra5 axb3 29. axb3 e5 30. Ra7 Re7 31. Kf1 e4 32. Be2 c5 33. b4 cxb4 {[%emt 0:10:10] [#] Hoping for ...f4.} 34. Rb1 f4 {[%emt 0:01:37] White must now prevent ...f3.} 35. Rxb4 Rdd7 {[%emt 0:00:08] Strongly threatening ...f3.} 36. Ra3 {[%emt 0:02:31] Prevents f3.} Rc7 37. Rc3 Rc5 38. Rb5 Rec7 {[%emt 0:00:43] aiming for ...Rxb5.} 39. Rxc5 Rxc5 $15 {[%emt 0:00:06][%mdl 4096] Endgame KRB-KRB} 40. Rb3 Bc8 41. Ke1 Ra5 42. Rb6+ Ke5 {[%emt 0:02:16] Threatens to win with ...Ra1+.} 43. Rb5+ Rxb5 44. cxb5 $11 {[%emt 0:00:02] KB-KB} Kd4 45. h4 h6 46. Kd2 Bb7 47. Ke1 Bd5 48. Bf1 Be6 49. Kd2 Bd7 50. Be2 Bc8 51. Bf1 Bg4 52. Ke1 Bc8 53. Be2 Kc3 54. Bf1 Bb7 55. Be2 Kd4 56. Bf1 e3 57. fxe3+ $2 (57. b6 $11) 57... Kxe3 $19 58. b6 {[%emt 0:01:19] [#]} g5 $1 {[%emt 0:00:10] Black mates.} 59. hxg5 hxg5 60. Bb5 Bxg2 61. Ba6 f3 62. Kd1 f2 63. Bf1 Bf3+ 64. Kc2 g4 {[%emt 0:00:05] Weighted Error Value: White=0.32/Black=0.07 (flawless)} 0-1

[Event "XLIV Barbera del Valles-A 2022"]
[Site "Barbera del Valles"]
[Date "2022.07.10"]
[Round "7.4"]
[White "Alsina Leal, Daniel"]
[Black "Sanchez, Sebastian Felipe"]
[Result "1-0"]
[ECO "B13"]
[WhiteElo "2525"]
[BlackElo "2440"]
[Annotator "TA"]
[PlyCount "77"]
[EventDate "2022.07.04"]
[EventType "swiss"]
[EventCountry "ESP"]
[SourceTitle "playchess.com"]
[Source "ChessBase"]
[SourceQuality "1"]
[TimeControl "5400+30"]

1. e4 c6 2. d4 d5 3. exd5 cxd5 4. Bd3 Nc6 5. c3 Qc7 6. h3 Nf6 {[%emt 0:00:58] 6...g6 is the fancy move.} 7. Nf3 g6 8. O-O {[%emt 0:00:22] B13: Caro-Kann: Exchange Variation and Panov-Botvinnik Attack.} Bf5 9. Ne5 Bxd3 10. Nxd3 {[%emt 0:00:17] The position is equal.} Bg7 11. Bf4 Qc8 12. Re1 O-O 13. Nd2 Re8 14. Qf3 e6 15. Re2 Nd7 {[%emt 0:14:29][%cal Og7d4] [#]} 16. Re3 $146 ({Predecessor:} 16. Rae1 b5 17. Nb3 b4 18. Nxb4 Nxb4 19. cxb4 Qb7 20. a3 Qb5 21. Rc2 Nb6 22. Rc7 {1-0 (30) Rusu,V (1833)-Mickevicius,J (2277) Chess.com INT 2020}) 16... b6 17. Rae1 Qb7 18. g4 Rac8 19. Qg2 Red8 ({Black should try} 19... b5 $11) 20. h4 {[%emt 0:07:07][%cal Bh3h4,Bh4h5][%mdl 32] White is more active.} Na5 ({Better is} 20... h6 $14) 21. h5 $1 $18 Nc4 $2 (21... Nf8 22. Rh3 Nc6) 22. Nxc4 Rxc4 23. hxg6 hxg6 24. Qh2 Re8 25. Kg2 {[%emt 0:01:48] Threatens to win with Rh1.} Nf8 26. Ne5 (26. g5 $142 Nd7 27. Rh1) 26... g5 {[%emt 0:00:18] [#]} 27. Rh3 $1 {[%emt 0:07:53][%cal Oe1h1,Be3h3,Bh3h8,Bh8h7,Bh7e7,Be7c7,Bc7c8,Bc8d8][%mdl 32] Black must now prevent Rh1!} f6 {[%emt 0:06:22] [#]} (27... gxf4 $2 28. Rh1 f3+ 29. Kxf3 $18) 28. Rh1 $1 {[%emt 0:04:11] Rh8+ would kill now.} fxe5 {[%emt 0:00:05] [#]} 29. Rh8+ $1 Kf7 30. Bxe5 $2 (30. Qh5+ $18 Ng6 {[#]} 31. Rh7 $1 (31. Rxe8 Kxe8 32. Qxg6+ Qf7 $11) 31... exf4 32. Rxg7+ $1 Kxg7 33. Qh7+ Kf6 34. Qxb7) 30... Ng6 $2 {[%emt 0:02:12][%mdl 8192] A mistake that costs the game.} (30... Bxe5 $2 31. Qxe5 Qe7 32. R1h3 $18) (30... Bxh8 $14 31. Qxh8 (31. Qh5+ $2 Ke7 $19) 31... Re7) 31. Rh7 Rg8 32. Bxg7 {[%emt 0:00:15] White wants to mate with Be5+.} Ke8 33. Bf6 Qc8 34. Qd6 {[%emt 0:00:35] White mates.} Rc6 {[%emt 0:00:05] [#]} 35. Re7+ $1 Kf8 {[%emt 0:00:02] [#]} 36. Rhh7 $1 Rh8 (36... Rg7 37. Rh8+) 37. Rc7+ Rxd6 38. Rxc8+ Rd8 39. Rxd8# {[%emt 0:02:15] Weighted Error Value: White=0.20 (precise) /Black=0.41} 1-0

[Event "XLIV Barbera del Valles-A 2022"]
[Site "Barbera del Valles"]
[Date "2022.07.10"]
[Round "7.5"]
[White "Narciso Dublan, Marc"]
[Black "Vergara Jofre, Felipe"]
[Result "1-0"]
[ECO "C44"]
[WhiteElo "2461"]
[BlackElo "2151"]
[Annotator "RC"]
[PlyCount "67"]
[EventDate "2022.07.04"]
[EventType "swiss"]
[EventCountry "ESP"]
[SourceTitle "playchess.com"]
[Source "ChessBase"]
[SourceQuality "1"]
[TimeControl "5400+30"]

1. e4 e5 2. Nf3 Nc6 3. g3 Bc5 4. Bg2 d6 5. c3 Nf6 6. O-O O-O 7. b4 Bb6 8. d3 h6 9. Nbd2 Be6 10. Qe2 Qd7 11. Nc4 Bxc4 12. dxc4 a5 13. c5 Ba7 14. b5 Ne7 15. Ba3 Qe6 16. b6 Bb8 17. bxc7 Bxc7 18. Qb5 dxc5 19. Qxb7 Bd6 20. Qb1 Qc4 21. Re1 Qxc3 22. Bb2 Qb4 23. Nxe5 Bxe5 24. Bxe5 Ra6 25. Qc2 c4 26. Rac1 Rc8 27. Red1 Ng6 28. Bc3 Qe7 29. Qb2 Ng4 30. Bh3 f5 31. exf5 N6e5 32. Qe2 h5 33. Bxg4 hxg4 34. Qxe5 1-0

[Event "XLIV Barbera del Valles-A 2022"]
[Site "Barbera del Valles"]
[Date "2022.07.10"]
[Round "7.6"]
[White "Del Amo Carbo, Jordi"]
[Black "Moskalenko, Viktor"]
[Result "0-1"]
[ECO "C44"]
[WhiteElo "2148"]
[BlackElo "2457"]
[Annotator "RC"]
[PlyCount "62"]
[EventDate "2022.07.04"]
[EventType "swiss"]
[EventCountry "ESP"]
[SourceTitle "playchess.com"]
[Source "ChessBase"]
[SourceQuality "1"]
[TimeControl "5400+30"]

1. d4 d6 2. Nf3 g6 3. c4 Bg7 4. e4 Bg4 5. Be2 Nd7 6. O-O e5 7. d5 Ne7 8. Nc3 O-O 9. Ne1 Bxe2 10. Qxe2 f5 11. f3 Nf6 12. Be3 Qd7 13. Nd3 h5 14. c5 f4 15. Bf2 g5 16. Rac1 g4 17. a4 a6 18. b4 g3 19. hxg3 fxg3 20. Bxg3 Ng6 21. f4 exf4 22. Bxf4 Ng4 23. Bg5 Rxf1+ 24. Qxf1 Rf8 25. Qe2 Bd4+ 26. Kh1 Qg7 27. e5 N6xe5 28. Ne4 Nxd3 29. Qxd3 Qxg5 30. Nxg5 Nf2+ 31. Kh2 Nxd3 0-1